 Dungeon Crawl Stone Soup version 0.28.0-62-gf88900778d (webtiles) character file.

Game seed: 10955519550838523451

9723 cbfl8 the Cleaver (level 11, -3/95 HPs)
             Began as a Hill Orc Fighter on May 26, 2023.
             Was a Priest of Beogh.
             Slain by an acid dragon (5 damage)
             ... on level 11 of the Dungeon.
             The game lasted 00:22:54 (16595 turns).

cbfl8 the Cleaver (Hill Orc Fighter)               Turns: 16595, Time: 00:22:54

Health: -3/95      AC: 12    Str: 28    XL:     11   Next: 50%
Magic:  11/11      EV:  8    Int:  8    God:    Beogh [***...]
Gold:   634        SH: 15    Dex: 12    Spells: 10/10 levels left

rFire   + . .      SeeInvis .   e - +2 hand axe (freeze)
rCold   . . .      Faith    .   s - +0 kite shield
rNeg    . . .      Spirit   .   B - +0 chain mail
rPois   .          Reflect  +   (no helmet)
rElec   .          Harm     .   (no cloak)
rCorr   .          Rampage  .   E - +2 pair of gloves
Will    .....                   f - +0 pair of boots
Stlth   ..........              y - amulet of reflection
HPRegen 0.25/turn               H - ring of protection from fire
MPRegen 0.12/turn               q - +6 ring of strength

@: corroded
A: no striking features
a: Renounce Religion, Smiting


You were on level 11 of the Dungeon.
You worshipped Beogh.
Beogh was most pleased with you.
You visited 1 branch of the dungeon, and saw 11 of its levels.
You also visited: Ossuary.

You collected 849 gold pieces.
You spent 215 gold pieces at shops.

Inventory:

Hand Weapons
 e - a +2 hand axe of freezing (weapon)
 A - a +1 war axe of flaming
Missiles
 z - 4 throwing nets
Armour
 c - a +0 buckler
 f - a +0 pair of boots (worn)
 s - a +0 kite shield (worn)
 B - a +0 chain mail (worn)
 E - a +2 pair of gloves (worn)
Jewellery
 q - a +6 ring of strength (right hand)
 y - an amulet of reflection (around neck)
 H - a ring of protection from fire (left hand)
 J - a +4 ring of protection
Wands
 i - a wand of flame (22)
Scrolls
 a - 2 scrolls of magic mapping
 g - a scroll of amnesia {unknown}
 k - 4 scrolls of fog
 o - a scroll of blinking
 p - a scroll of silence {unknown}
 u - 2 scrolls of teleportation
 C - a scroll of noise {unknown}
Potions
 d - a potion of might
 h - 5 potions of curing {unknown}
 j - 6 potions of haste
 l - 3 potions of magic {unknown}
 m - 7 potions of flight
 n - 3 potions of lignification {unknown}
 r - 2 potions of resistance {unknown}
 t - 3 potions of invisibility {unknown}
 w - 2 potions of mutation {unknown}
 x - 2 potions of brilliance {unknown}
 D - a potion of ambrosia {unknown}
 F - a potion of cancellation {unknown}
 I - a potion of degeneration {unknown}
Miscellaneous
 b - a box of beasts


   Skills:
 + Level 8.3 Fighting
 + Level 12.9 Axes
 + Level 10.9 Armour
 + Level 3.4 Dodging
 + Level 1.8 Stealth
 + Level 7.6 Shields
 * Level 5.0 Evocations


You had 10 spell levels left.
You didn't know any spells.
Your spell library contained the following spells:

 Spells                   Type           Power      Damage    Failure   Level
 Animate Skeleton         Necr           0%         N/A       99%         1
 Pain                     Necr           0%         1d4       99%         1
 Ensorcelled Hibernation  Hex/Ice        0%         N/A       100%        2
 Call Canine Familiar     Summ           0%         N/A       100%        3
 Portal Projectile        Hex/Tloc       0%         N/A       100%        3
 Vampiric Draining        Necr           0%         2d6       100%        3
 Anguish                  Hex/Necr       0%         N/A       100%        4
 Animate Dead             Necr           0%         N/A       100%        4
 Dispel Undead            Necr           0%         3d6       100%        4
 Leda's Liquefaction      Hex/Erth       0%         N/A       100%        4
 Alistair's Intoxication  Tmut/Pois      0%         N/A       100%        5
 Blade Hands              Tmut           0%         N/A       100%        5
 Excruciating Wounds      Necr           0%         N/A       100%        5
 Silence                  Hex/Air        0%         N/A       100%        5
 Yara's Violent Unravell  Hex/Tmut       0%         3d3       100%        5
 Maxwell's Capacitive Co  Air            0%         ∞         100%        8


Dungeon Overview and Level Annotations

Branches:
Dungeon (10/15)            Temple (0/1) D:5            Lair (0/6) D:8
Ossuary (visited)
    Orc: D:9-12

Altars:
Dithmenos
Elyvilon
Hepliaklqana
Kikubaaqudgha
Makhleb
Ru
Sif Muna
Vehumet
Xom
Yredelemnul
The Shining One

Shops:
D:2 *   D:3 :[=![   D:4 !   D:6 [

Annotations:
D:8 3 runed translucent doors, Jingleheimer's ghost, novice FeSu


Message History

The splash of acid hits you!!
* * * LOW HITPOINT WARNING * * *
The acid corrodes you!
You hit the acid dragon but do no damage.
The acid dragon is almost dead.
The acid dragon spits acid at you. The splash of acid hits you!!
* * * LOW HITPOINT WARNING * * *
Okay, then.
You hit the acid dragon but do no damage.
The acid dragon is almost dead.
The acid dragon completely misses you.
The acid dragon claws you but does no damage.
Unknown command.
You hit the acid dragon but do no damage.
The acid dragon is almost dead.
The acid dragon bites you but does no damage.
You block the acid dragon's attack.
Aiming: Throw Flame
Press: ? - help, Q - select action, (/) - cycle Shift-Dir - straight line, f/p - acid dragon
Aim: an acid dragon (almost dead, catching its breath, 74% to hit)
That beam is likely to hit you.
Continue anyway?
Okay, then.
Aiming: Throw Flame
Press: ? - help, Q - select action, (/) - cycle Shift-Dir - straight line, f/p - acid dragon
Aim: an acid dragon (almost dead, catching its breath, 74% to hit)
That beam is likely to hit you.
Continue anyway?
Okay, then.
Aiming: Throw Flame
Press: ? - help, Q - select action, (/) - cycle Shift-Dir - straight line, f/p - acid dragon
Aim: an acid dragon (almost dead, catching its breath, 74% to hit)
That beam is likely to hit you.
Continue anyway?
Okay, then.
Aiming: Paralyse
Press: ? - help, Q - select action, (/) - cycle Shift-Dir - straight line, f/p - acid dragon
Aim: an acid dragon (almost dead, catching its breath, chance to affect: 62%)
The acid dragon resists with significant effort.
The now-empty wand crumbles to dust.
The acid dragon bites you.
You die...

,,,,,,,,,.#..≈≈≈≈≈..##,,,,***,,,,
,,,,,,,,,#..≈≈≈≈≈≈≈..#,,****,,,*,
,,,,,,,,*#.≈≈≈≈≈≈≈≈≈.#.,,,,,,,**,
,,,,,,<,*#.)≈≈≈≈≈≈≈......,*,,****
,,,,,,,,,,#..≈≈≈≈≈..#....***,# *
,,,,,,*,,**#..≈≈≈..#*...## *.# *
,,,,,,*,**,*#..≈..#***...###.#**#
,,,,,,,,**,*##...## *#...#..##..
,**,,,,,,,,* ##.@## ###........#*
,**,,,,,**,***#.)D###.........#*
*,,,,****#).....#..........#*,,*
,,,**,,,*.###......###.....#**,**
,,,,**,**,* #.##..##*#....## **,*
,,,,,***,** #.*##.#*#.....# *,,
,,,,,,,,,,**#.* #$........# *,*
,,,,,,,,**,*.,* ##........# **,*
,,,,,,****,,,,* #........#***,,*


You could see an acid dragon (catching breath).

Vanquished Creatures
  Harold (D:9)
  2 two-headed ogres
  A deep troll (D:10)
  Maggie (D:8)
  A komodo dragon (D:8)
  2 trolls
  A hornet (D:9)
  A snapping turtle (D:10)
  9 yaks
  A wyvern (D:8)
  A basilisk (D:5)
  A golden eye (D:8)
  A steam dragon (D:7)
  An acid dragon (D:10)
  A water moccasin (D:6)
  An ice beast (D:9)
  An orc warrior (D:9)
  A necrophage (D:6)
  A black bear (D:4)
  2 ogres
  6 centaurs
  A lemure (D:5)
  A phantom (D:4)
  2 bullfrogs
  2 kobold brigands
  A water moccasin zombie (D:5)
  3 scorpions
  3 killer bees (D:9)
  4 howler monkeys
  3 electric eels
  4 centaur zombies
  A bullfrog zombie (D:5)
  4 orc priests
  3 jellies
  2 hounds
  A bullfrog skeleton (D:5)
  A centaur skeleton (D:5)
  4 iguanas
  5 orc wizards
  A killer bee zombie (D:5)
  A hound skeleton (D:5)
  8 mummies (Ossuary)
  Robin (D:4)
  8 gnolls
  3 adders
  A howler monkey skeleton (D:4)
  A white imp (D:5)
  2 ufetubi (D:6)
  3 worms
  5 dart slugs
  16 orcs
  5 bats
  6 endoplasms
  3 giant cockroaches
  13 goblins
  5 hobgoblins
  6 jackals
  2 quokkas (D:2)
  4 ball pythons
  5 frilled lizards
  2 gnoll zombies (Ossuary)
  3 hobgoblin zombies (Ossuary)
  13 kobolds
  A kobold zombie (Ossuary)
  2 orc zombies (Ossuary)
  6 rats
208 creatures vanquished.

Vanquished Creatures (collateral kills)
  A slime creature (D:10)
  An acid dragon (D:10)
  An electric eel (D:10)
  A bat (D:10)
4 creatures vanquished.

Vanquished Creatures (others)
  An orc wizard (D:10)
  An orc warrior (D:11)
  4 orcs (D:10)
  4 fungi (D:8)
  5 plants
15 creatures vanquished.

Grand Total: 227 creatures vanquished

Notes
Turn   | Place    | Note
-------+----------+-------------------------------------------
     0 | D:1      | cbfl8 the Hill Orc Fighter began the quest for the Orb.
     0 | D:1      | Reached XP level 1. HP: 19/19 MP: 1/1
   113 | D:1      | Found a faded altar of an unknown god.
   264 | D:1      | Reached XP level 2. HP: 23/27 MP: 2/2
   558 | D:1      | Reached XP level 3. HP: 33/33 MP: 3/3
   632 | D:1      | Reached skill level 3 in Axes
   950 | D:2      | Became a worshipper of Beogh the Brigand
  1083 | D:2      | Found Emowopso's Assorted Antiques.
  1234 | D:3      | Found Ymmus's Jewellery Shoppe.
  1277 | D:3      | Reached XP level 4. HP: 40/40 MP: 4/4
  1556 | D:2      | Reached skill level 4 in Axes
  1728 | D:3      | Reached skill level 1 in Dodging
  1728 | D:3      | Reached XP level 5. HP: 39/46 MP: 5/5
  1795 | D:3      | Found a basalt altar of Yredelemnul.
  1797 | D:3      | Noticed a profane servitor
  1815 | D:3      | Found Lilaliju's Armour Emporium.
  1831 | D:3      | Found Paluwk's Book Shoppe.
  1923 | D:3      | Found a glowing golden altar of the Shining One.
  1925 | D:3      | Noticed an angel
  1986 | D:3      | Found Ymirimoehu's Armour Shoppe.
  2098 | D:3      | Found Jilivvugiy's Distillery.
  2107 | D:3      | Bought a potion of heal wounds for 65 gold pieces
  2123 | D:3      | Found a shadowy altar of Dithmenos.
  2171 | D:3      | Found a sacrificial altar of Ru.
  2749 | D:4      | Noticed Robin
  2770 | D:3      | Reached skill level 5 in Axes
  2770 | D:3      | Reached XP level 6. HP: 41/53 MP: 6/6
  3004 | D:4      | Killed Robin
  3006 | D:4      | Reached skill level 5 in Armour
  3357 | D:4      | Reached * piety under Beogh
  3525 | D:4      | Found Wulyzxia's Distillery.
  3532 | D:4      | Noticed a yak
  3532 | D:4      | Noticed a yak
  3532 | D:4      | Noticed a yak
  3532 | D:4      | Noticed a yak
  3769 | D:3      | Killed a yak
  3770 | D:3      | Reached skill level 6 in Axes
  4218 | D:4      | Reached XP level 7. HP: 54/60 MP: 7/7
  4442 | D:4      | Bought a potion of heal wounds for 55 gold pieces
  4547 | D:4      | Found a burning altar of Makhleb.
  4549 | D:4      | Found a white marble altar of Elyvilon.
  5437 | D:5      | Entered Level 5 of the Dungeon
  5446 | D:5      | Reached skill level 5 in Fighting
  5599 | D:5      | Reached skill level 7 in Axes
  5652 | D:5      | Reached XP level 8. HP: 42/68 MP: 8/8
  5806 | D:5      | Found a staircase to the Ecumenical Temple.
  5927 | D:5      | Noticed Pikel
  5941 | D:5      | Noticed Pikel
  5941 | D:5      | Pikel changed into Pikel the basilisk
  5968 | D:5      | Killed Pikel the basilisk
  5969 | D:5      | Reached skill level 1 in Stealth
  6445 | D:5      | Reached skill level 8 in Axes
  7465 | D:6      | Found Efaoj's Armour Shop.
  7473 | D:6      | Reached skill level 5 in Shields
  7565 | D:6      | Reached XP level 9. HP: 72/75 MP: 9/9
  7628 | D:5      | Reached skill level 9 in Axes
  7972 | D:2      | Bought a dented golden amulet for 95 gold pieces
  8076 | D:6      | Reached ** piety under Beogh
  8114 | D:6      | Found a radiant altar of Vehumet.
  8117 | D:6      | Found a hazy altar of Hepliaklqana.
  8453 | D:6      | Got the Almanac of Dark Curses
  8836 | D:7      | Found a shimmering blue altar of Sif Muna.
  8839 | D:7      | Found a shimmering altar of Xom.
  8839 | D:7      | Found a burning altar of Makhleb.
  8841 | D:7      | Found a shimmering altar of Xom.
  8841 | D:7      | Found a sparkling altar of Nemelex Xobeh.
  8841 | D:7      | Found an ancient bone altar of Kikubaaqudgha.
  9057 | D:7      | Reached skill level 10 in Axes
  9646 | D:8      | Noticed a hornet
  9652 | D:8      | a hornet changed into a golden eye
  9842 | D:8      | Found a sand-covered staircase.
  9849 | Ossuary  | Entered an ossuary
 10331 | D:8      | Found a staircase to the Lair.
 10332 | D:8      | Noticed a komodo dragon
 10356 | D:8      | Killed a komodo dragon
 10357 | D:8      | Reached skill level 11 in Axes
 10357 | D:8      | Reached skill level 1 in Evocations
 10357 | D:8      | Reached XP level 10. HP: 21/86 MP: 10/10
 10954 | D:8      | Noticed Maggie
 10957 | D:8      | Noticed a two-headed ogre
 10971 | D:8      | Killed Maggie
 10975 | D:8      | Killed a two-headed ogre
 11341 | D:8      | Found a runed translucent gate.
 11341 | D:8      | Found a runed translucent gate.
 11341 | D:8      | Noticed Jingleheimer's ghost (novice FeSu)
 11342 | D:8      | Found a runed translucent gate.
 12028 | D:9      | Noticed Harold
 12045 | D:9      | Killed Harold
 12046 | D:9      | Reached skill level 12 in Axes
 12208 | D:9      | Reached *** piety under Beogh
 12225 | D:9      | Noticed Erolcha
 12227 | D:9      | Noticed Erolcha
 12227 | D:9      | Erolcha changed into Erolcha the ice beast
 12243 | D:9      | Killed Erolcha the ice beast
 12907 | D:9      | Noticed a two-headed ogre
 12927 | D:9      | Killed a two-headed ogre
 12934 | D:9      | Reached skill level 10 in Armour
 12934 | D:9      | Reached XP level 11. HP: 61/94 MP: 11/11
 13171 | D:9      | Paralysed by a hornet for 1 turns
 13577 | D:10     | Entered Level 10 of the Dungeon
 13607 | D:10     | Found a shimmering blue altar of Sif Muna.
 14261 | D:10     | Noticed a wizard
 14261 | D:10     | Noticed a wizard
 14276 | D:10     | a wizard changed into a snapping turtle
 14366 | D:10     | Got Sif Muna's Handbook of Combed Thunderclap
 14375 | D:10     | Noticed a deep elf zephyrmancer
 14377 | D:10     | Got Lusken Oma's Almanac of Axaxaxas mlö
 14379 | D:10     | Noticed a deep troll
 14379 | D:10     | a deep elf zephyrmancer changed into a deep troll
 14385 | D:10     | Killed a deep troll
 14437 | D:10     | Got the Almanac of Sand
 14474 | D:10     | Noticed a wizard
 14476 | D:10     | a wizard changed into a slime creature
 16000 | D:10     | Gained Norbak as an ally
 16488 | D:10     | You fall into a shaft and drop 1 floor!
 16512 | D:11     | Reached skill level 5 in Evocations
 16592 | D:11     | HP: 1/95 [acid dragon/splash of acid (19)]
 16595 | D:11     | Slain by an acid dragon

Illustrated notes

Levels and vault maps discovered:
D:1:      ncdulo_lavacross, layout_rooms, hellmonk_ecumenical_altar_blasted
D:2:      layout_rooms, serial_shops, shop
D:3:      layout_basic, grunt_temple_overflow_holy_war, nicolae_ru_awakened_eye,
          grunt_dithmenos_smoke, serial_shops, shop, shop_statue,
          nicolae_shop_hallway_stairs, nicolae_shop_statue_plus,
          nicolae_shop_hallway_plus, corexii_shack
D:4:      black_bear_nest_1, layout_layer_cave, amethyst_overflow_temple_binary,
          serial_shops, nicolae_shop_stone, uniq_robin
D:5:      layout_cave_pools, minmay_temple_entry_large_hall,
          nrook_pool_corridor, sigmund_army, uniq_pikel
D:6:      layout_gridville, nicolae_overflow_squiral, serial_shops,
          nicolae_shop_trees
D:7:      layout_basic, doesnt_xom_only_xom
D:8:      layout_loops_corners, david_lair_shrubbed,
          gammafunk_ghost_nasty_kobolds, enter_ossuary_5,
          hangedman_abyss_or_decor_stagger, uniq_maggie
D:9:      layout_roguey, minmay_crystal_room, uniq_erolcha, uniq_harold
D:10:     layout_basic, overflow_temple_1_default, st_stairs_12,
          bh_hangedman_babel_library
D:11:     layout_layer_cave, amcnicky_mini_pool_medium

Skill      XL: |  1  2  3  4  5  6  7  8  9 10 11 |
---------------+----------------------------------+-----
Fighting       | 4 5 7 8 |  8.3
Axes           | 3 4 5 6 7 8 11 12 | 12.9
Armour         | 4 5 6 7 8 10 | 10.9
Dodging        | 1 2 3 |  3.4
Shields        | 4 5 6 7 |  7.6
Stealth        | 1 |  1.8
Evocations     | 1 4 5 |  5.0

Action                   |  1- 3 |  4- 6 |  7- 9 | 10-12 || total
-------------------------+-------+-------+-------+-------++-------
Melee: War axe           |    16 |       |       |       ||    16
       Hand axe          |    64 |    89 |   454 |   293 ||   900
Invok: Convert to Beogh  |     1 |       |       |       ||     1
Evoke: Wand              |       |       |    15 |    20 ||    35
  Use: Scroll            |       |     3 |     6 |     5 ||    14
       Potion            |       |     2 |       |     4 ||     6
 Stab: Confused          |       |       |       |     1 ||     1
Armor: Scale mail        |    46 |    37 |   119 |       ||   202
       Chain mail        |       |       |    20 |   106 ||   126
Dodge: Dodged            |    26 |    42 |   151 |    88 ||   307
Block: Buckler           |    20 |    29 |   119 |    94 ||   262
       Reflection        |       |       |     3 |     8 ||    11
       Kite shield       |       |       |       |    57 ||    57
